 Dungeon Crawl Stone Soup version 0.31-a0-523-g071a6c1ffa (webtiles) character file.

Game seed: 16329224982401816026

1788427 EnegeticOcto the Wrestler (level 24, 290/291 HPs)
             Began as a Grey Draconian Shapeshifter on Aug 11, 2023.
             Was a High Priest of Elyvilon.
             Escaped with the Orb
             ... and 3 runes!
             The game lasted 01:52:07 (56967 turns).

EnegeticOcto the Wrestler (DrSh)                   Turns: 56967, Time: 01:52:08

Health: 290/291    AC: 38    Str: 16    XL:     24   Next: 74%
Magic:  43/43      EV: 33    Int: 15    God:    Elyvilon [*****.]
Gold:   2129       SH: 20    Dex: 25    Spells: 16/23 levels left

rFire   + +          .
                       - Unarmed
rCold   + . .        Y - +3 kite shield {rF+}
rNeg    + . .        (body armour unavailable)
rPois   ∞            n - +2 hat {Stlth+}
rElec   +            a - +2 cloak {rCorr}
rCorr   +            (gloves currently unavailable)
SInv    .            (boots currently unavailable)
Will    +....        R - amulet of Dyruo {Faith rC+ MP+9 Int+4 Stlth-}
Stlth   +            N - ring "Ungoopti" {rF+ Dex+6 Slay+4}
HPRegen 0.68/turn    K - +5 ring of evasion
MPRegen 0.28/turn

%: faith
@: statue-form, studying Translocations, very slow
A: slow and powerful, torment resistance 1, boosted hp, AC +17, amphibious,
unfitting armour, cold-blooded, horns 1, screaming 1, weak 2
0: Orb of Zot
}: 3/15 runes: serpentine, barnacled, abyssal
a: Begin Untransformation, Renounce Religion, Purification, Heal Other, Heal
Self, Divine Vigour


You escaped.
You worshipped Elyvilon.
Elyvilon was extremely pleased with you.
You were a living statue of rough stone.
You visited 10 branches of the dungeon, and saw 47 of its levels.
You visited the Abyss 4 times.
You also visited: Bailey, Gauntlet, Wizlab and Desolation.

You collected 4858 gold pieces.
You spent 2729 gold pieces at shops.

Inventory:

Missiles
 q - 6 throwing nets {!f}
 r - 4 curare-tipped darts (quivered)
 C - 6 darts of dispersal
Armour
 a - a +2 cloak of preservation (worn)
   (You found it in a wizard's laboratory)
 n - a +2 hat of stealth (worn)
   (You took it off Gastronok on level 2 of the Lair of Beasts)
 Y - a +3 kite shield of fire resistance (worn)
   (You took it off a naga warrior on level 4 of the Snake Pit)
Jewellery
 j - a +4 ring of protection
   (You found it on level 11 of the Dungeon)
 K - a +5 ring of evasion (right fist)
   (You found it on level 7 of the Dungeon)
 N - the ring "Ungoopti" (left fist) {rF+ Dex+6 Slay+4}
   (You found it in the Desolation of Salt)

   [ring of dexterity]

   Dex+6:     It affects your dexterity (+6).
   Slay+4:    It affects your accuracy & damage with ranged weapons and melee
   (+4).
   rF+:       It protects you from fire.
 R - the amulet of Dyruo (around neck) {Faith rC+ MP+9 Int+4 Stlth-}
   (You took it off a deep elf death mage on level 3 of the Elven Halls)

   [amulet of faith]

   Faith:     It allows you to gain divine favour quickly.
   Int+4:     It affects your intelligence (+4).
   rC+:       It protects you from cold.
   MP+9:      It affects your magic capacity (+9).
   Stlth-:    It makes you less stealthy.
Talismans
 h - a dragon-blood talisman
   (You found it in the Desolation of Salt)
 G - a granite talisman (active)
   (You found it on level 1 of the Lair of Beasts)
Wands
 k - a wand of flame (80) {@v4}
   (You found it on level 1 of the Lair of Beasts)
 o - a wand of paralysis (27)
   (You found it on level 2 of the Dungeon)
 v - a wand of iceblast (36) {@v2}
   (You took it off Joseph on level 9 of the Dungeon)
 w - a wand of quicksilver (31) {@v1}
   (You took it off Ijyb on level 4 of the Dungeon)
 D - a wand of polymorph (18)
   (You found it on level 15 of the Dungeon)
 M - a wand of digging (10) {@v3}
   (You found it on level 3 of the Elven Halls)
 W - a wand of mindburst (43)
   (You found it on level 3 of the Snake Pit)
Scrolls
 d - 3 scrolls of blinking {@r4}
 e - 20 scrolls of identify {@r1}
 l - 8 scrolls of vulnerability
 m - 11 scrolls of fear {!r}
 s - 4 scrolls of fog {!r}
 t - 9 scrolls of teleportation {@r3 !r}
 x - 4 scrolls of poison
 y - 4 scrolls of summoning
 X - 2 scrolls of silence {!r}
 Z - a scroll of immolation
Potions
 b - 3 potions of berserk rage
 c - 5 potions of invisibility
 f - 10 potions of might {@q3 !q}
 p - 5 potions of lignification {@q6}
 u - 5 potions of attraction
 z - 14 potions of curing {@q1 !q}
 B - 4 potions of enlightenment
 E - 7 potions of resistance
 F - 11 potions of heal wounds {@q2 !q}
 H - a potion of cancellation
 I - 10 potions of brilliance
 J - 9 potions of magic
 L - a potion of mutation
 P - 5 potions of haste {@q4 !q}
Miscellaneous
 A - a condenser vane
   (You found it on level 4 of the Shoals)
 Q - a lightning rod (4/4)
   (You found it on level 2 of the Snake Pit)
 U - a phantom mirror (inert)
   (You found it on level 15 of the Dungeon)
 V - a phial of floods
   (You found it on level 15 of the Dungeon)


   Skills:
 - Level 20.0 Fighting
 - Level 2.0 Short Blades
 + Level 17.3 Dodging
 - Level 4.0 Stealth
 - Level 20.0 Shields
 - Level 21.0 Unarmed Combat
 - Level 5.0 Translocations
 - Level 15.0 Invocations
 - Level 8.0 Evocations
 - Level 20.0 Shapeshifting


You had 16 spell levels left.
You knew the following spells:

 Your Spells              Type           Power      Damage    Failure   Level
a - Vhi's Electric Charg  Tloc/Air       14%        N/A       36%         3
p - Passwall              Tmut/Erth      0%         N/A       50%         2
Y - Blink                 Tloc           30%        N/A       7%          2

Your spell library contained the following spells:

 Spells                   Type           Power      Damage    Failure   Level
 Lesser Beckoning         Tloc           30%        N/A       7%          2
 Momentum Strike          Conj/Tloc      14%        3d8       21%         2
 Foxfire                  Conj/Fire      0%         2x1d4     36%         1
 Kiss of Death            Conj/Necr      0%         2d5       36%         1
 Slow                     Hex            0%         N/A       36%         1
 Sting                    Tmut/Pois      0%         1d3       36%         1
 Portal Projectile        Hex/Tloc       14%        N/A       36%         3
 Volatile Blastmotes      Fire/Tloc      14%        2d11      36%         3
 Passage of Golubria      Tloc           15%        N/A       43%         4
 Cigotuvi's Dreadful Rot  Necr/Pois/Air  0%         N/A       50%         2
 Ensorcelled Hibernation  Hex/Ice        0%         N/A       50%         2
 Poisonous Vapours        Pois/Air       0%         N/A       50%         2
 Static Discharge         Conj/Air       0%         2-2/arc   50%         2
 Call Canine Familiar     Summ           0%         N/A       73%         3
 Confusing Touch          Hex            0%         N/A       73%         3
 Dazzling Flash           Conj/Hex       0%         N/A       73%         3
 Frozen Ramparts          Ice            0%         1d1       73%         3
 Ignite Poison            Fire/Tmut/Pois 0%         N/A       73%         3
 Mephitic Cloud           Conj/Pois/Air  0%         N/A       73%         3
 Stone Arrow              Conj/Erth      0%         3d7       73%         3
 Swiftness                Air            0%         N/A       73%         3
 Vampiric Draining        Necr           0%         2d6       73%         3
 Airstrike                Air            0%         2d(0-16)  98%         4
 Cause Fear               Hex            0%         N/A       98%         4
 Flame Wave               Conj/Fire      0%         2d4       98%         4
 Leda's Liquefaction      Hex/Erth       0%         N/A       98%         4
 Olgreb's Toxic Radiance  Pois           0%         N/A       98%         4
 Petrify                  Tmut/Erth      0%         N/A       98%         4
 Summon Lightning Spire   Summ/Air       0%         N/A       98%         4
 Summon Forest            Summ/Tloc      3%         N/A       98%         5
 Agony                    Necr           0%         N/A       100%        5
 Alistair's Intoxication  Tmut/Pois      0%         N/A       100%        5
 Arcjolt                  Conj/Air       0%         1d10      100%        5
 Borgnjor's Vile Clutch   Necr/Erth      0%         N/A       100%        5
 Fireball                 Conj/Fire      0%         3d3       100%        5
 Freezing Cloud           Conj/Ice/Air   0%         6-21      100%        5
 Irradiate                Conj/Tmut      0%         3d11      100%        5
 Iskenderun's Battlesphe  Conj           0%         2d6       100%        5
 Lee's Rapid Deconstruct  Erth           0%         3d4*      100%        5
 Silence                  Hex/Air        0%         N/A       100%        5
 Yara's Violent Unravell  Hex/Tmut       0%         3d3       100%        5
 Eringya's Noxious Bog    Tmut/Pois      0%         4d6       100%        6
 Leda's Unmaking          Conj/Erth      0%         9d1       100%        6
 Plasma Beam              Fire/Air       0%         2x1d10    100%        6
 Starburst                Conj/Fire      0%         6d3       100%        6
 Haunt                    Necr/Summ      0%         N/A       100%        7
 Spellforged Servitor     Conj/Summ      0%         N/A       100%        7
 Borgnjor's Revivificati  Necr           0%         N/A       100%        8
 Discord                  Hex            0%         N/A       100%        8
 Ignition                 Fire           0%         3d3       100%        8
 Lehudib's Crystal Spear  Conj/Erth      0%         10d2      100%        8
 Maxwell's Capacitive Co  Air            0%         ∞         100%        8
 Dragon's Call            Summ           0%         N/A       100%        9
 Sublimation of Blood     Necr           Unusable   N/A       N/A         2
 Animate Armour           Summ/Erth      Unusable   N/A       N/A         4

Dungeon Overview and Level Annotations

Branches:
Dungeon (15/15)            Temple (1/1) D:4            Lair (5/5) D:11
 Shoals (4/4) Lair:2        Snake (4/4) Lair:2        Slime (0/5) Lair:4
    Orc (2/2) D:9             Elf (3/3) Orc:2        Vaults (4/5) D:14
  Crypt (0/3) Vaults:3     Depths (4/4) D:15            Zot (5/5) Depths:4
 Bailey (visited)          WizLab (visited)         Desolation (visited)
Gauntlet (visited)

Altars:
Ashenzari
Cheibriados
Dithmenos
Elyvilon
Fedhas
Gozag
Hepliaklqana
Kikubaaqudgha
Makhleb
Nemelex Xobeh
Okawaru
Qazlal
Ru
Sif Muna
Trog
Uskayaw
Vehumet
Wu Jian
Xom
Yredelemnul
Zin
The Shining One
Jiyva

Shops:
D:7 [   Orc:1 (   Orc:2 (=[   Elf:2 (   Elf:3 [   Snake:4 =:=   Vaults:1 [*([*
Vaults:2 ((   Vaults:4 *

Portals:
Hell: Depths:1 Depths:2 Depths:3 Depths:4
Abyss: Depths:3
Pandemonium: Depths:2
Trove: D:15 (show slimy rune of Zot)

Annotations:
D:9 Psyche
Lair:5 1 exclusion
Elf:2 7 runed translucent doors, exclusion: door, whodunnit's ghost, adept DsMo
Elf:3 1 exclusion
Depths:1 exclusions: 2 floating eyes and 4 more exclusions
Depths:4 exclusion: 3 draconian stormcallers
Zot:5 3 runed translucent doors, exclusion: 3 doors, Lexodia's ghost, legendary KoEn; namnaref's ghost, legendary GrCj


Innate Abilities, Weirdness & Mutations

You are a living statue of rough stone.
Your actions are slow, but your melee attacks are powerful.
You are resistant to unholy torment.
Your maximum health is greatly increased.
Your equipment is partially melded.
((Your dull iron-grey scales are very hard. (AC +17)))
You are amphibious.
You cannot fit into any form of body armour.
You are immune to poison.
You are cold-blooded and may be slowed by cold attacks.
You have a pair of small horns on your head.
You occasionally shout uncontrollably at your foes.
You are very weak. (Str -4)


Message History

There is a stone staircase leading down here.
Things that are here:
a +0 scale mail; a +1 short sword of speed
There is a stone staircase leading up, spattered with blood here.
You climb upwards.
There is a stone staircase leading down, spattered with blood here.
There is a stone staircase leading up here.
You climb upwards.
There is a stone staircase leading down here.
A sun demon comes into view.
The sun demon shouts!
A balrug and a sun demon come into view.
The balrug is wielding a +2 demon whip of venom.
The balrug shouts!
The balrug gestures at you.
The bolt of fire hits the sun demon.
The sun demon completely resists.
The bolt of fire misses you. The sun demon completely misses you.
You block the sun demon's attack.
You punch the sun demon! You tail-slap the sun demon!
The sun demon is heavily wounded.
The balrug gestures at you.
The fireball explodes!
The fireball engulfs the sun demon.
The sun demon completely resists.
The fireball engulfs you. You resist. You block the sun demon's attack.
You pummel the sun demon!! You headbutt the sun demon.
Your tail-slap misses the sun demon.
The sun demon is almost dead.
The sun demon completely misses you. The balrug gestures at you.
Something smites you! You block the sun demon's attack.
You pulverise the sun demon!!!
You kill the sun demon!
You squash the balrug like an ant!!!
You headbutt the balrug, but do no damage.
You tail-slap the balrug!
The balrug is severely wounded.
The balrug hits you but does no damage.
You closely miss the balrug.
The balrug is heavily wounded.
You block the balrug's attack. You block the sun demon's attack.
You hit the balrug but do no damage. You headbutt the balrug!
You tail-slap the balrug.
The balrug is almost dead.
The balrug misses you. You block the sun demon's attack.
A demonspawn warmonger comes into view.
It is wielding a +1 demon whip of draining.
The balrug completely misses you.
You pummel the balrug like a punching bag!!!
You kill the balrug!
The sun demon barely misses you.
You pummel the sun demon!! Your headbutt misses the sun demon.
You tail-slap the sun demon.
The sun demon is heavily wounded.
The sun demon hits you.
You are engulfed in flames.
You resist. You block the sun demon's attack.
You see here a +2 demon whip of venom.
You block the sun demon's attack.
A demonspawn warmonger comes into view.
It is wielding a +1 heavy dire flail and wearing a +2 chain mail of fire resistance.
You block the sun demon's attack. You block the sun demon's attack.
There is a stone staircase leading up here.
You block the sun demon's attack.
The demonspawn warmonger calls upon its god to speed up something.
You climb upwards.
There is a stone staircase leading down here.
You hit the sun demon.
The sun demon is heavily wounded.
The sun demon barely misses you. You block the sun demon's attack.
You hit the sun demon but do no damage. Your headbutt misses the sun demon.
The sun demon is heavily wounded.
You block the sun demon's attack.
You hit the sun demon but do no damage.
The sun demon is heavily wounded.
You block the sun demon's attack.
You pummel the sun demon!!
You kill the sun demon!
No target in view!
(D) Dungeon (T) Temple (L) Lair (A) Shoals (P) Snake Pit (M) Slime Pits (O) Orcish Mines (E) Elven Halls (V) Vaults (C) Crypt (U) Depths (H) Hell (Z) Zot
Where to? (Tab/Enter - D:1, ? - help) You're already here!
Unknown command.
(D) Dungeon (T) Temple (L) Lair (A) Shoals (P) Snake Pit (M) Slime Pits (O) Orcish Mines (E) Elven Halls (V) Vaults (C) Crypt (U) Depths (H) Hell (Z) Zot
Where to? (Tab/Enter - D:1, ? - help) You're already here!
A Daigrin, a chaos spawn and a rust devil come into view.
You can't go up here!
Press: ? - help, v - describe, . - travel
Here: Daigrin The floor.
Unknown command.
Blink to where?
Press: ? - help, Dir - move target
As you read the scroll of blinking {@r4}, it crumbles to dust.
The chaos spawn moves out of view.
The rust devil moves out of view.
You have escaped!

#...##....#.#.####.
######....#.#.####.
#...)#.#...##. ##...#.#.#.##.
########### ##..##.#.#.##.
#.........# ##...##.#.#.##.
#####.####.#######...#####.#.##.
#..)..# #.# #..'.### #........
#.##### #.####8.#######4....>..
#.# #.##....'.........#.### #.#
#....#..#.&.......#.### #.#
#..######......#....... #.#
#..#### ##..#....#.#### #.#####
#.....# #.4#.##...# #..)..#
##.##.# #..#.##..##### #####.#
#.##.# #..#.##..##... #.#
#.##.####..#.##..##.##


You could see Daigrin.

Vanquished Creatures
  A dread lich (Zot:5)
  2 ancient liches (Zot:5)
  An orb of fire (Zot:5)
  2 juggernauts (Depths:3)
  Saint Roka (Vaults:1)
  Vashnia (Snake:4)
  A Killer Klown (Zot:5)
  A caustic shrike (Depths:3)
  Nikola (Vaults:3)
  8 golden dragons
  3 bone dragons
  A Tzitzimitl (D:15)
  A Hellbinder (WizLab)
  2 electric golems
  11 tentacled monstrosities
  Zenata (Vaults:1)
  23 Orb Guardians
  Jorgrun (Shoals:3)
  Rupert (Lair:3)
  A Hell Sentinel (D:9)
  3 liches
  Mlioglotl (Shoals:2)
  2 deep elf blademasters (Elf:3)
  A walking earthen tome (Depths:3)
  A walking divine tome (Depths:3)
  A titan (Depths:3)
  3 walking frostbound tomes (Depths:3)
  A deep elf master archer (Elf:3)
  2 tentacled starspawn (Abyss:3)
  7 sphinxes
  Gastronok (Lair:2)
  4 death cobs
  Kirke (Shoals:1)
  An ancient champion (Depths:1)
  An Executioner (D:12)
  2 krakens
  3 tengu reavers
  Frances (Elf:1)
  3 shadow dragons
  10 storm dragons
  Roxanne (Shoals:2)
  Donald (Snake:1)
  A demonspawn warmonger (D:14)
  An azure jelly (Snake:3)
  Aizul (Snake:1)
  3 nagarajas (Snake:4)
  6 draconian knights
  6 draconian monks
  9 deep elf sorcerers
  9 fire giants
  9 frost giants
  An iron dragon (Depths:3)
  3 draconian scorchers
  7 vault wardens
  2 ghost moths
  3 balrugs
  Louise (Shoals:2)
  9 draconian shifters
  5 imperial myrmidons (Desolation)
  15 ironbound preservers
  A deep elf elementalist (Elf:3)
  An orc warlord (Vaults:2)
  13 very ugly things
  3 reapers
  9 draconian annihilators
  4 draconian stormcallers
  8 ironbound thunderhulks
  4 war gargoyles
  2 spriggan defenders
  The ghost of Riobbaq the Basher, a journeyman GrMo of Cheibriados (D:15)
  3 cacodemons
  9 stone giants
  9 green draconians
  9 black draconians
  5 vampire knights
  6 yellow draconians
  6 deep elf demonologists (Elf:3)
  2 demonspawn black suns
  7 spark wasps
  4 deep elf annihilators (Elf:3)
  2 halazid warlocks (Desolation)
  12 purple draconians
  4 dire elephants (Vaults:2)
  6 white draconians
  A minotaur (Gauntlet)
  8 red draconians
  2 blizzard demons (WizLab)
  4 green deaths
  A crystal guardian (Vaults:4)
  7 ettins
  5 deep elf death magi
  3 fire dragons
  3 ragged hierophants (Desolation)
  8 merfolk javelineers
  7 merfolk impalers
  5 servants of whispers (Desolation)
  3 entropy weavers
  A shambling mangrove (Abyss:3)
  4 great orbs of eyes
  11 yaktaur captains
  3 deep elf high priests (Elf:3)
  6 rakshasas
  2 salamander tyrants (Snake:4)
  9 peacekeepers
  3 vault guards
  3 hell beasts
  6 hydras
  A ghost crab (Snake:2)
  8 ice dragons
  Erolcha (D:9)
  4 merfolk avatars
  18 centaur warriors
  11 ironbound frosthearts
  4 death knights
  4 spriggan air magi
  9 two-headed ogres
  13 anacondas
  5 merfolk aquamancers
  9 deep troll earth magi
  A vampire mage (Depths:1)
  2 alligator snapping turtles
  3 satyrs
  A demonic crawler (D:15)
  7 naga sharpshooters
  8 boulder beetles
  2 thrashing horrors (Abyss:3)
  6 death yaks
  8 deep troll shamans
  9 tengu warriors
  22 dancing weapons
  8 naga warriors
  An orc high priest (D:13)
  A death scarab (Depths:1)
  4 spriggan berserkers
  5 spriggans
  5 shock serpents
  A soul eater (WizLab)
  5 sun demons
  12 deep elf knights
  Amaemon (Lair:2)
  A fire crab (Abyss:3)
  6 skysharks
  3 wretched stars (Abyss:3)
  A salamander mystic (Snake:4)
  4 sixfirhies
  14 iron trolls
  A shadow demon (D:9)
  11 skeletal warriors
  A flayed ghost (Depths:1)
  11 sea snakes
  2 glowing orange brains
  7 naga ritualists
  8 wizards
  13 harpies
  Pikel (D:8)
  4 lindwurms (Vaults:2)
  9 deep elf archers
  50 deep trolls
  3 starcursed masses (Abyss:3)
  2 phantasmal warriors (Depths:2)
  2 necromancers
  15 ironbound convokers
  25 deep elf pyromancers
  23 deep elf zephyrmancers
  9 orc knights
  2 orc sorcerers (D:13)
  10 mana vipers
  18 fauns
  2 oklob plants (Shoals:1)
  11 moths of wrath
  11 cyclopes
  A shining eye (shapeshifter) (Depths:3)
  30 ugly things
  9 salamanders
  13 manticores
  A worldbinder (Abyss:3)
  4 elephants (Lair:4)
  A stone giant skeleton (Abyss:3)
  13 merfolk sirens
  An apocalypse crab (Abyss:3)
  Joseph (D:9)
  15 naga magi
  38 black mambas
  12 guardian serpents
  A rust devil (WizLab)
  8 water nymphs
  A molten gargoyle (Lair:5)
  12 vault sentinels
  A gargoyle (D:10)
  6 smoke demons
  5 rime drakes
  A hellion (Abyss:3)
  10 orange demons
  3 freezing wraiths
  5 komodo dragons
  12 cane toads
  4 kobold demonologists
  16 yaktaurs
  3 ice devils
  2 tormentors (WizLab)
  4 tengu conjurers
  6 trolls
  An ancient zyme (Abyss:3)
  19 merfolk
  A red devil (Depths:2)
  A silent spectre (Abyss:3)
  8 wind drakes
  3 hellwings
  2 polar bears (D:9)
  A tarantella (Vaults:2)
  9 hornets
  Prince Ribbit (D:6)
  43 saltlings
  18 blink frogs
  4 raiju (Abyss:3)
  11 snapping turtles
  An ettin zombie (Abyss:3)
  5 dream sheep
  2 flying skulls (Elf:3)
  Sigmund (D:2)
  31 slime creatures
  2 shadows
  2 ynoxinuls
  3 air elementals
  2 jumping spiders
  14 water elementals
  2 wyverns
  7 large abominations (Abyss:3)
  2 humans (D:14)
  15 yaks
  2 unseen horror simulacra (D:9)
  2 fire elementals
  3 hogs (Shoals:1)
  3 wraiths
  2 neqoxecs
  Eustachio (D:3)
  2 steam dragons
  5 basilisks
  4 chaos spawn
  4 redbacks
  4 vampire mosquitoes (D:15)
  21 nagas
  3 wargs
  Menkaure (D:5)
  14 water moccasins
  A floating eye (Depths:3)
  3 acid dragons
  Duvessa (D:6)
  39 orc warriors
  4 ogres
  3 black bears
  2 ice beasts (D:5)
  15 wolves
  22 centaurs
  3 lemures (D:8)
  A phantom (D:6)
  9 bullfrogs
  5 earth elementals
  8 kobold brigands
  A gnoll sergeant (D:10)
  3 scorpions
  Blork the orc (D:4)
  9 wights
  9 small abominations (Abyss:3)
  Dowan (D:6)
  A killer bee (shapeshifter) (D:15)
  7 killer bees
  7 electric eels
  3 howler monkeys (D:10)
  3 jellies
  A quasit (Abyss:3)
  6 hounds
  An iron imp (Abyss:3)
  11 orc priests
  An iguana (D:7)
  Jessica (D:3)
  5 sleepcaps
  Ijyb (D:4)
  18 orc wizards
  5 centaur simulacra
  12 gnolls
  4 adders
  A shadow imp (D:8)
  6 white imps (D:9)
  5 ufetubi
  2 worms (D:2)
  4 dart slugs
  63 orcs
  6 ball pythons
  3 endoplasms
  2 giant cockroaches
  11 goblins
  2 hobgoblins
  3 jackals (D:3)
  14 kobolds
  6 quokkas
  10 bats
  A frilled lizard (D:2)
  8 rats
  A lurking horror (Abyss:3)
  A starspawn tentacle (Abyss:3)
  9 tentacles
1826 creatures vanquished.

Vanquished Creatures (collateral kills)
  Mara (Shoals:3)
  A merfolk impaler (Shoals:4)
  A sea snake (Shoals:4)
  A water nymph (Shoals:4)
  A merfolk (Shoals:4)
5 creatures vanquished.

Vanquished Creatures (others)
  A fire giant (Vaults:4)
  A vampire knight (Depths:2)
  A white draconian (Zot:5)
  An entropy weaver (Vaults:2)
  A satyr (Shoals:4)
  2 deep elf knights (Elf:2)
  A glowing orange brain (Abyss:3)
  A wizard (Vaults:1)
  A deep elf pyromancer (Elf:3)
  An ironbound convoker (Vaults:2)
  An ugly thing (Vaults:2)
  A yaktaur (Vaults:2)
  A blink frog (Abyss:3)
  A swamp drake (shapeshifter) (Depths:3)
  An orc wizard (D:9)
  A white imp (Abyss:3)
  A lurking horror (Abyss:3)
  7 starspawn tentacles
  18 tentacles
43 creatures vanquished.

Grand Total: 1874 creatures vanquished

Notes
Turn   | Place    | Note
-------+----------+-------------------------------------------
     0 | D:1      | EnegeticOcto the Draconian Shapeshifter began the quest for
                  | the Orb.
     0 | D:1      | Reached XP level 1. HP: 16/16 MP: 1/1
    30 | D:1      | Reached skill level 1 in Stealth
   164 | D:1      | Reached XP level 2. HP: 23/23 MP: 2/2
   282 | D:1      | Reached skill level 2 in Stealth
   685 | D:1      | Reached XP level 3. HP: 26/28 MP: 3/3
   686 | D:1      | Reached skill level 1 in Short Blades
   866 | D:2      | Noticed Sigmund
   889 | D:2      | Killed Sigmund
   890 | D:2      | Reached skill level 2 in Short Blades
   890 | D:2      | Reached skill level 4 in Shapeshifting
   890 | D:2      | Reached XP level 4. HP: 33/35 MP: 4/4
   890 | D:2      | Reached XP level 5. HP: 39/40 MP: 5/5
  1092 | D:2      | Identified a scroll of acquirement
  1093 | D:2      | Acquired a manual of Unarmed Combat
  2301 | D:3      | Reached XP level 6. HP: 48/48 MP: 6/6
  2359 | D:3      | Noticed Jessica
  2611 | D:3      | Gained mutation: Your magical capacity is low. (-10% MP)
                  | [potion of mutation]
  2611 | D:3      | Gained mutation: You are robust. (+10% HP) [potion of
                  | mutation]
  2611 | D:3      | Gained mutation: You sometimes lose your temper in combat.
                  | [potion of mutation]
  2611 | D:3      | Gained mutation: Your natural rate of healing is unusually
                  | fast. [potion of mutation]
  2615 | D:3      | Reached skill level 2 in Fighting
  2615 | D:3      | Reached skill level 5 in Shapeshifting
  2627 | D:3      | Reached skill level 4 in Unarmed Combat
  2789 | D:3      | Killed Jessica
  2799 | D:3      | Found a shimmering blue altar of Sif Muna.
  2983 | D:3      | Reached skill level 3 in Fighting
  3051 | D:4      | Noticed Eustachio
  3069 | D:3      | Reached skill level 5 in Unarmed Combat
  3069 | D:3      | Your scales start taking on a dull iron-grey colour.
  3069 | D:3      | Reached XP level 7. HP: 48/62 MP: 6/6
  3110 | D:3      | Killed Eustachio
  3111 | D:3      | Reached skill level 4 in Fighting
  3111 | D:3      | Reached skill level 6 in Unarmed Combat
  3164 | D:4      | Reached skill level 7 in Unarmed Combat
  3186 | D:4      | Noticed Blork the orc
  3205 | D:4      | Killed Blork the orc
  3228 | D:4      | Found a staircase to the Ecumenical Temple.
  3238 | Temple   | Entered the Ecumenical Temple
  3251 | D:4      | Reached skill level 8 in Unarmed Combat
  3338 | D:4      | Noticed a wyvern
  3417 | D:4      | Found a sparkling altar of Nemelex Xobeh.
  3457 | D:4      | Noticed Ijyb
  3468 | D:4      | Killed Ijyb
  3491 | D:4      | Found a blossoming altar of Fedhas.
  3506 | D:4      | Reached skill level 1 in Evocations
  3586 | D:4      | Reached XP level 8. HP: 69/73 MP: 7/7
  3870 | D:5      | Entered Level 5 of the Dungeon
  3956 | D:5      | Reached skill level 3 in Stealth
  3972 | D:5      | Reached skill level 2 in Evocations
  4011 | D:5      | Reached skill level 5 in Fighting
  4080 | D:5      | Reached skill level 9 in Unarmed Combat
  4145 | D:5      | Noticed Menkaure
  4159 | D:5      | Killed Menkaure
  4191 | D:5      | Reached skill level 3 in Evocations
  4194 | D:5      | Found an opulent altar of Gozag.
  4197 | D:5      | Found a white marble altar of Elyvilon.
  4206 | D:5      | Found a basalt altar of Yredelemnul.
  4210 | D:5      | Became a worshipper of Elyvilon the Healer
  4275 | D:5      | Reached skill level 4 in Stealth
  4280 | D:5      | Identified the +0 chain mail "Lonegh" {Contam +Blink rElec
                  | Dex+4}
  4479 | D:6      | Noticed Prince Ribbit
  4491 | D:6      | Killed Prince Ribbit
  4492 | D:6      | Reached skill level 1 in Invocations
  4577 | D:6      | Found an iron altar of Okawaru.
  4707 | D:6      | Reached * piety under Elyvilon
  4757 | D:6      | Reached XP level 9. HP: 43/82 MP: 9/9
  4766 | D:6      | Reached skill level 6 in Fighting
  4972 | D:6      | Noticed Duvessa
  4972 | D:6      | Noticed Dowan
  4974 | D:6      | Killed Duvessa
  4975 | D:6      | Reached skill level 10 in Unarmed Combat
  4975 | D:6      | Reached skill level 2 in Invocations
  4975 | D:6      | Reached skill level 4 in Evocations
  5274 | D:6      | Reached skill level 3 in Invocations
  5292 | D:6      | Killed Dowan
  5568 | D:6      | Reached skill level 4 in Invocations
  5676 | D:7      | Reached ** piety under Elyvilon
  5715 | D:7      | Reached skill level 5 in Invocations
  5788 | D:7      | Reached skill level 6 in Invocations
  5871 | D:7      | Found Tiadypsyo's Antique Armour Shop.
  6262 | D:8      | Noticed a two-headed ogre
  6272 | D:8      | Killed a two-headed ogre
  6273 | D:8      | Reached skill level 7 in Fighting
  6273 | D:8      | Reached skill level 11 in Unarmed Combat
  6273 | D:8      | Reached XP level 10. HP: 94/94 MP: 13/13
  6477 | D:8      | Reached *** piety under Elyvilon
  6925 | D:8      | Noticed Pikel
  7077 | D:8      | Killed Pikel
  7078 | D:8      | Reached skill level 6 in Shapeshifting
  7091 | D:8      | Found a hazy altar of Hepliaklqana.
  7136 | D:9      | Noticed a two-headed ogre
  7176 | D:9      | Learned a level 2 spell: Blink
  7231 | D:9      | Killed a two-headed ogre
  7232 | D:9      | Reached skill level 8 in Fighting
  7232 | D:9      | Reached skill level 12 in Unarmed Combat
  7303 | D:9      | Reached skill level 7 in Invocations
  7353 | D:9      | Noticed Erolcha
  7369 | D:9      | Killed Erolcha
  7370 | D:9      | Reached skill level 8 in Invocations
  7370 | D:9      | Reached skill level 7 in Shapeshifting
  7400 | D:9      | Found a flagged portal.
  7408 | Bailey   | Entered a bailey
  7438 | Bailey   | Reached XP level 11. HP: 103/103 MP: 15/15
  7711 | Bailey   | Noticed an orc knight
  7711 | Bailey   | Noticed an orc knight
  7745 | Bailey   | Killed an orc knight
  7746 | Bailey   | Reached skill level 9 in Invocations
  7827 | Bailey   | Killed an orc knight
  7904 | D:9      | Reached skill level 8 in Shapeshifting
  7928 | D:9      | Noticed a sun demon
  8004 | D:9      | Noticed Joseph
  8018 | D:9      | Killed Joseph
  8065 | D:9      | Found a staircase to the Orcish Mines.
  8096 | D:9      | Noticed a death yak
  8111 | D:9      | Killed a death yak
  8112 | D:9      | Reached skill level 10 in Invocations
  8158 | D:9      | Noticed Psyche
  8412 | D:9      | Noticed a two-headed ogre
  8420 | D:9      | Killed a two-headed ogre
  8421 | D:9      | Reached skill level 9 in Shapeshifting
  8650 | D:10     | Entered Level 10 of the Dungeon
  8806 | D:10     | Reached **** piety under Elyvilon
  8838 | D:10     | Noticed a two-headed ogre
  8847 | D:10     | Killed a two-headed ogre
  8848 | D:10     | Reached skill level 9 in Fighting
  8848 | D:10     | Reached skill level 13 in Unarmed Combat
  8967 | D:10     | Noticed a two-headed ogre
  8975 | D:10     | Killed a two-headed ogre
  9002 | D:10     | Found a sacrificial altar of Ru.
  9144 | D:10     | Found a hide-covered altar of Uskayaw.
  9442 | D:11     | Found a shadowy altar of Dithmenos.
  9458 | D:11     | Noticed a boulder beetle
  9491 | D:11     | Killed a boulder beetle
  9492 | D:11     | Reached XP level 12. HP: 61/116 MP: 14/17
  9648 | D:11     | Reached skill level 10 in Fighting
  9703 | D:11     | Reached skill level 14 in Unarmed Combat
  9703 | D:11     | Reached skill level 2 in Dodging
  9849 | D:11     | Reached skill level 3 in Dodging
  9933 | D:11     | Reached skill level 1 in Translocations
  9933 | D:11     | Found a staircase to the Lair.
  9934 | D:11     | Noticed a boulder beetle
  9954 | D:11     | Killed a boulder beetle
  9955 | D:11     | Reached skill level 2 in Translocations
 10115 | D:11     | Noticed a two-headed ogre
 10121 | D:11     | Killed a two-headed ogre
 10122 | D:11     | Reached skill level 4 in Dodging
 10256 | D:11     | Noticed a boulder beetle
 10290 | D:11     | Killed a boulder beetle
 10291 | D:11     | Reached skill level 3 in Translocations
 10494 | Lair:1   | Entered Level 1 of the Lair of Beasts
 10806 | Lair:1   | Reached skill level 4 in Translocations
 10859 | Lair:1   | Reached skill level 5 in Dodging
 11108 | Lair:1   | Reached ***** piety under Elyvilon
 11427 | Lair:2   | Reached skill level 5 in Translocations
 11475 | Lair:2   | Reached skill level 6 in Dodging
 11568 | Lair:2   | Noticed Gastronok
 11584 | Lair:2   | Killed Gastronok
 11771 | Lair:2   | Noticed Amaemon
 11905 | Lair:2   | Reached XP level 13. HP: 124/124 MP: 16/18
 11948 | Lair:2   | Killed Amaemon
 12271 | Lair:2   | Found a staircase to the Snake Pit.
 12304 | Lair:2   | Reached skill level 7 in Dodging
 12457 | Lair:3   | Noticed Rupert
 12576 | Lair:3   | Reached skill level 11 in Invocations
 12766 | Lair:3   | Killed Rupert
 12990 | Lair:3   | Reached skill level 10 in Shapeshifting
 13183 | Lair:3   | Reached skill level 8 in Dodging
 13466 | Lair:4   | Reached ****** piety under Elyvilon
 13561 | Lair:4   | Reached skill level 12 in Invocations
 13639 | Lair:4   | Found a viscous altar of Jiyva.
 13639 | Lair:4   | Found a staircase to the Slime Pits.
 14165 | Lair:5   | Entered Level 5 of the Lair of Beasts
 14721 | Lair:5   | Reached skill level 11 in Shapeshifting
 14730 | Lair:5   | Reached XP level 14. HP: 133/133 MP: 21/21
 14733 | Lair:5   | Reached skill level 13 in Invocations
 15260 | D:12     | Found a gate leading to a gauntlet.
 15268 | Gauntlet | Entered a Gauntlet
 15268 | Gauntlet | Found a transporter.
 15268 | Gauntlet | Found a transporter.
 15268 | Gauntlet | Found a transporter.
 15269 | Gauntlet | Found a transporter.
 15272 | Gauntlet | Found a transporter.
 15283 | Gauntlet | Found a transporter.
 15304 | Gauntlet | Found a transporter.
 15326 | Gauntlet | Found a transporter.
 15344 | Gauntlet | Found a transporter.
 15352 | Gauntlet | Found a transporter.
 15370 | Gauntlet | Found a transporter.
 15426 | Gauntlet | Found a transporter.
 15560 | Gauntlet | Identified the +0 pair of gloves "Qyczuq" {rCorr Int+4}
 15612 | Gauntlet | Identified the ring "Lohawusips" {rPois rF- Str+6 Dex+2}
 15622 | Gauntlet | Identified the +1 rapier of Day {drain, Will++}
 16002 | D:12     | Identified the +0 ring mail of the Snake Pit {Stlth+}
 16154 | D:12     | Reached skill level 14 in Invocations
 16404 | D:12     | Reached skill level 12 in Shapeshifting
 16689 | Orc:1    | Entered Level 1 of the Orcish Mines
 16693 | Orc:1    | Found Ograu's Weapon Boutique.
 17189 | Orc:2    | Entered Level 2 of the Orcish Mines
 17189 | Orc:2    | Found a staircase to the Elven Halls.
 17664 | Orc:2    | Found Mekuq's Armour Emporium.
 17665 | Orc:2    | Found Ablam's Weapon Shop.
 17665 | Orc:2    | Found Zaekeu Fapo's Jewellery Shoppe.
 17668 | Orc:2    | Found Muqajeg's Antique Weapon Boutique.
 18174 | Orc:2    | Bought a blade talisman for 720 gold pieces
 18398 | D:13     | Reached skill level 13 in Shapeshifting
 18858 | D:13     | Found a runed translucent door.
 19144 | D:13     | Identified the +8 spear of the Scorpion {heavy, rElec
                  | Int+4}
 19307 | D:14     | Reached skill level 11 in Fighting
 19317 | D:14     | Reached XP level 15. HP: 141/141 MP: 22/22
 19387 | D:14     | Found a gate to the Vaults.
 19834 | D:14     | Found a radiant altar of Vehumet.
 19892 | D:15     | Entered Level 15 of the Dungeon
 19892 | D:15     | Found a transporter.
 19892 | D:15     | Found a transporter.
 19899 | D:15     | Noticed Riobbaq's ghost (journeyman GrMo)
 19936 | D:15     | Found an opulent altar of Gozag.
 20077 | D:15     | Found a portal to a secret trove of treasure.
 20382 | D:15     | Found a staircase to the Depths.
 20388 | D:15     | Reached skill level 12 in Fighting
 20996 | D:7      | Bought a bloodstained hat for 225 gold pieces
 20996 | D:7      | Identified the +0 hat "Gutwiy" {rPois rF+} (You bought it
                  | in a shop on level 7 of the Dungeon)
 21136 | Snake:1  | Entered Level 1 of the Snake Pit
 21152 | Snake:1  | Reached skill level 14 in Shapeshifting
 21413 | Snake:1  | Noticed Aizul
 21433 | Snake:1  | Killed Aizul
 21872 | Snake:1  | Noticed Donald
 21876 | Snake:1  | Reached skill level 13 in Fighting
 21880 | Snake:1  | Killed Donald
 22319 | Abyss:3  | Cast into level 3 of the Abyss (salamander)
 22336 | Abyss:3  | Noticed a tentacled starspawn
 22377 | Abyss:3  | Noticed a kraken
 22382 | Abyss:3  | Pacified a kraken
 22384 | Abyss:3  | Noticed a tentacled monstrosity
 22388 | Abyss:3  | Noticed a tentacled monstrosity
 22402 | Abyss:3  | Killed a tentacled monstrosity
 22420 | Abyss:3  | Killed a tentacled monstrosity
 22439 | Abyss:3  | Got an abyssal rune of Zot
 22462 | Abyss:3  | Noticed a tentacled starspawn
 22471 | Abyss:3  | Killed a tentacled starspawn
 22488 | Snake:2  | Escaped the Abyss
 22558 | Snake:2  | Reached skill level 14 in Fighting
 22627 | Snake:2  | Reached skill level 15 in Shapeshifting
 22631 | Snake:2  | Reached XP level 16. HP: 160/160 MP: 23/23
 22955 | Snake:2  | Reached skill level 9 in Dodging
 23654 | Snake:2  | Reached skill level 10 in Dodging
 23982 | D:15     | Killed Riobbaq's ghost
 24554 | Snake:3  | Reached skill level 11 in Dodging
 24658 | Snake:3  | Found a frozen archway.
 25144 | Snake:4  | Entered Level 4 of the Snake Pit
 25313 | Snake:4  | Found Kitod's Jewellery Emporium.
 25314 | Snake:4  | Found Zuletur's Book Boutique.
 25315 | Snake:4  | Found Wycecop's Jewellery Emporium.
 25384 | Snake:4  | Reached skill level 12 in Dodging
 25583 | Snake:4  | Reached skill level 5 in Evocations
 25677 | Snake:4  | Reached skill level 6 in Evocations
 25727 | Snake:4  | Reached skill level 7 in Evocations
 25831 | Snake:4  | Reached skill level 8 in Evocations
 25831 | Snake:4  | Reached skill level 1 in Shields
 25832 | Snake:4  | Reached skill level 2 in Shields
 25835 | Snake:4  | Reached XP level 17. HP: 93/167 MP: 20/24
 25854 | Snake:4  | Reached skill level 3 in Shields
 25934 | Snake:4  | Noticed Vashnia
 25967 | Snake:4  | Killed Vashnia
 25968 | Snake:4  | Reached skill level 4 in Shields
 26034 | Snake:4  | Got a serpentine rune of Zot
 26558 | Shoals:1 | Entered Level 1 of the Shoals
 26576 | Shoals:1 | Reached skill level 5 in Shields
 26578 | Shoals:1 | Reached skill level 6 in Shields
 26581 | Shoals:1 | Reached skill level 7 in Shields
 26583 | Shoals:1 | Noticed Kirke
 26598 | Shoals:1 | Killed Kirke
 26761 | Shoals:1 | Reached skill level 8 in Shields
 27213 | Shoals:2 | Noticed Louise
 27213 | Shoals:2 | Noticed Roxanne
 27257 | Shoals:2 | Noticed Mlioglotl
 27264 | Shoals:2 | Killed Louise
 27266 | Shoals:2 | Reached skill level 9 in Shields
 27266 | Shoals:2 | Killed Mlioglotl
 27484 | Shoals:2 | Reached skill level 10 in Shields
 28059 | Shoals:2 | Killed Roxanne
 28222 | Shoals:3 | Reached skill level 11 in Shields
 28241 | Shoals:3 | Noticed a kraken
 28259 | Shoals:3 | Killed a kraken
 28342 | Shoals:3 | Noticed Jorgrun
 28362 | Shoals:3 | Killed Jorgrun
 28492 | Shoals:3 | Identified the +10 great sword "Retwat" {venom, Dex+4}
 28521 | Shoals:3 | Noticed Mara
 28523 | Shoals:3 | Noticed EnegeticOcto's illusion
 28541 | Shoals:3 | Noticed EnegeticOcto's illusion
 28561 | Shoals:3 | Killed Mara
 29094 | Shoals:4 | Entered Level 4 of the Shoals
 29098 | Shoals:4 | Reached skill level 12 in Shields
 29296 | Shoals:4 | Reached XP level 18. HP: 176/176 MP: 25/25
 29647 | Shoals:4 | Got a barnacled rune of Zot
 30278 | Shoals:4 | Reached skill level 13 in Shields
 30282 | Shoals:4 | Identified the +5 mace of Dishonour {pain, rPois Will+
                  | rCorr Int+4}
 30284 | Shoals:4 | Reached skill level 15 in Unarmed Combat
 30676 | Elf:1    | Entered Level 1 of the Elven Halls
 31056 | Elf:1    | Noticed Frances
 31072 | Elf:1    | Killed Frances
 31114 | Elf:1    | Lost mutation: Your natural rate of healing is unusually
                  | fast. [potion of mutation]
 31114 | Elf:1    | Lost mutation: You are robust. (+10% HP) [potion of
                  | mutation]
 31114 | Elf:1    | Lost mutation: Your magical capacity is low. (-10% MP)
                  | [potion of mutation]
 31114 | Elf:1    | Gained mutation: You have supernaturally acute eyesight.
                  | (SInv) [potion of mutation]
 31115 | Elf:1    | Lost mutation: You have supernaturally acute eyesight.
                  | (SInv) [potion of mutation]
 31115 | Elf:1    | Lost mutation: You sometimes lose your temper in combat.
                  | [potion of mutation]
 31115 | Elf:1    | Gained mutation: You are clumsy. (Dex -2) [potion of
                  | mutation]
 31115 | Elf:1    | Gained mutation: You are weak. (Str -2) [potion of
                  | mutation]
 31115 | Elf:1    | Gained mutation: You have large cloven feet. [potion of
                  | mutation]
 31329 | Elf:2    | Found Ubryffis's Weapon Shop.
 31330 | Elf:2    | Paralysed by an air elemental for 1 turns
 31335 | Elf:2    | Paralysed by an air elemental for 1 turns
 31337 | Elf:2    | Paralysed by an air elemental for 1 turns
 31511 | Elf:2    | Reached skill level 14 in Shields
 31529 | Elf:2    | Paralysed by an air elemental for 1 turns
 31818 | Elf:2    | Found a huge runed translucent gate.
 31818 | Elf:2    | Found a huge runed translucent gate.
 31819 | Elf:2    | Found a huge runed translucent gate.
 31821 | Elf:2    | Found a huge runed translucent gate.
 31823 | Elf:2    | Found a huge runed translucent gate.
 31874 | Elf:2    | Noticed whodunnit's ghost (adept DsMo)
 31913 | Elf:2    | Reached skill level 16 in Unarmed Combat
 31939 | Elf:2    | Found a runed translucent door.
 31971 | Elf:2    | Found a runed translucent door.
 32093 | Elf:3    | Entered Level 3 of the Elven Halls
 32344 | Elf:3    | Found Anodiev's Antique Armour Emporium.
 32528 | Elf:3    | Identified the +10 scimitar "Suat" {freeze, rF+}
 33124 | Abyss:3  | Cast into level 3 of the Abyss (a deep elf demonologist)
 33163 | Elf:3    | Escaped the Abyss
 33165 | Elf:3    | Reached XP level 19. HP: 167/167 MP: 29/29
 33416 | Elf:3    | Reached skill level 15 in Shields
 33640 | Abyss:3  | Cast into level 3 of the Abyss (a deep elf sorcerer)
 33662 | Abyss:3  | Found a corrupted altar of Lugonu.
 33665 | Elf:3    | Escaped the Abyss
 34371 | Elf:3    | Identified the +3 lajatang of Impermanence {heavy, Dex+6}
 34559 | Elf:3    | Reached skill level 17 in Unarmed Combat
 34704 | Elf:3    | Paralysed by a deep elf zephyrmancer for 5 turns
 34719 | Elf:3    | Paralysed by a deep elf zephyrmancer for 2 turns
 34824 | Elf:3    | Identified the +11 short sword "Soxt" {drain, Int+4 Dex+4}
 35092 | Elf:3    | Noticed a Tzitzimitl
 35097 | Elf:3    | Reached skill level 18 in Unarmed Combat
 35304 | Elf:3    | Identified the amulet of Dyruo {Faith rC+ MP+9 Int+4
                  | Stlth-}
 35368 | Elf:3    | Got the Vellum of the Figure and the Boggart
 35371 | Elf:3    | Got the Catalogue of Baleful Soot
 35375 | Elf:3    | Got the Enchiridion on Niveous Earth
 35685 | Vaults:1 | Entered Level 1 of the Vaults
 36208 | Vaults:1 | Reached skill level 13 in Dodging
 36332 | Vaults:1 | Found Motevu Rusk's Antique Armour Boutique.
 36337 | Vaults:1 | Found Imuth's Weapon Emporium.
 36529 | Vaults:1 | Found Wot Defu's Armour Shop.
 36572 | Vaults:1 | Reached skill level 15 in Invocations
 36887 | Vaults:1 | Reached skill level 14 in Dodging
 36910 | Vaults:1 | Noticed Zenata
 37163 | Vaults:1 | Noticed Saint Roka
 37241 | Vaults:1 | Reached skill level 15 in Dodging
 37254 | Vaults:1 | Killed Saint Roka
 37465 | Vaults:1 | Found Ceac's Assorted Antiques.
 37830 | Abyss:3  | Cast into level 3 of the Abyss (a wizard)
 37931 | Abyss:3  | Reached skill level 16 in Dodging
 37931 | Abyss:3  | Reached XP level 20. HP: 174/174 MP: 29/31
 38039 | Abyss:3  | Found a corrupted altar of Lugonu.
 38144 | Abyss:3  | Noticed a bone dragon
 38158 | Abyss:3  | Killed a bone dragon
 38161 | Vaults:2 | Escaped the Abyss
 38490 | Vaults:2 | Reached skill level 17 in Dodging
 38873 | Vaults:2 | Reached skill level 15 in Fighting
 39101 | Vaults:2 | Found Hongyt's Weapon Shoppe.
 39426 | Vaults:2 | Found Ocozees's Antique Weapon Shoppe.
 39524 | Vaults:2 | Reached skill level 16 in Fighting
 39977 | Depths:1 | Entered Level 1 of the Depths
 40302 | Depths:1 | Reached skill level 17 in Fighting
 40778 | Depths:1 | Found a gateway to Hell.
 41302 | Depths:2 | Reached XP level 21. HP: 191/191 MP: 32/32
 41804 | Depths:2 | Found a one-way gate leading to the halls of Pandemonium.
 41811 | Depths:2 | Reached skill level 16 in Shields
 42232 | Depths:2 | Reached skill level 19 in Unarmed Combat
 42581 | Depths:2 | Paralysed by something for 2 turns
 43199 | Depths:3 | Noticed a caustic shrike
 43246 | Depths:3 | Found a magical portal.
 43253 | WizLab   | Entered The Hall of the Hellbinder
 43566 | WizLab   | Reached skill level 17 in Shields
 43665 | WizLab   | Gained mutation: You sometimes lose your temper in combat.
                  | [a cacodemon]
 43683 | WizLab   | Gained mutation: You are very weak. (Str -4) [a neqoxec]
 43833 | WizLab   | Noticed Notzy
 43941 | WizLab   | Found a burning altar of Makhleb.
 43947 | WizLab   | Killed Notzy the Hellbinder
 43981 | WizLab   | Got Rusoumui's Compendium of the Comitatus
 44096 | Depths:3 | Lost mutation: You have large cloven feet. [potion of
                  | mutation]
 44096 | Depths:3 | Lost mutation: You are clumsy. (Dex -2) [potion of
                  | mutation]
 44096 | Depths:3 | Lost mutation: You are very weak. (Str -4) [potion of
                  | mutation]
 44096 | Depths:3 | Gained mutation: Your spells are a little easier to cast,
                  | but a little less powerful. [potion of mutation]
 44096 | Depths:3 | Gained mutation: You have hidden genetic potential. [potion
                  | of mutation]
 44097 | Depths:3 | Lost mutation: Your spells are a little easier to cast, but
                  | a little less powerful. [potion of mutation]
 44097 | Depths:3 | Lost mutation: You sometimes lose your temper in combat.
                  | [potion of mutation]
 44097 | Depths:3 | Gained mutation: You are very weak. (Str -4) [potion of
                  | mutation]
 44097 | Depths:3 | Gained mutation: You occasionally shout uncontrollably at
                  | your foes. [potion of mutation]
 44219 | Depths:3 | Found a one-way gate to the infinite horrors of the Abyss.
 44237 | Depths:3 | Paralysed by a vampire knight for 3 turns
 44264 | Depths:3 | Paralysed by a sphinx for 3 turns
 44313 | Depths:3 | Reached skill level 20 in Unarmed Combat
 44777 | Depths:3 | Noticed a juggernaut
 44785 | Depths:3 | Killed a juggernaut
 44799 | Depths:3 | Reached XP level 22. HP: 199/199 MP: 33/33
 44816 | Depths:3 | Killed a caustic shrike
 44973 | Depths:3 | Reached skill level 18 in Shields
 45050 | Depths:3 | Noticed a golden dragon
 45623 | Depths:3 | Noticed a juggernaut
 45637 | Depths:3 | Killed a juggernaut
 45851 | Depths:3 | Reached skill level 21 in Unarmed Combat
 45941 | Depths:4 | Entered Level 4 of the Depths
 46217 | Depths:3 | Killed a golden dragon
 46655 | Depths:4 | Found a gate to the Realm of Zot.
 47959 | Vaults:1 | Bought 2 potions of invisibility for 560 gold pieces
 48214 | Vaults:1 | Killed Zenata
 48227 | Vaults:1 | Found Nufe's Assorted Antiques.
 48238 | Vaults:1 | Bought a scroll of blinking for 307 gold pieces
 48238 | Vaults:1 | Bought a potion of heal wounds for 205 gold pieces
 48238 | Vaults:1 | Bought a potion of heal wounds for 205 gold pieces
 48543 | Vaults:3 | Noticed Nikola
 48557 | Vaults:3 | Killed Nikola
 48567 | Vaults:3 | Reached skill level 18 in Fighting
 48657 | Vaults:3 | Found a crumbling gateway.
 48664 | Desolati | Entered the Desolation of Salt
 48668 | Desolati | Gained mutation: You are robust. (+10% HP) [hidden
                  | potential]
 49017 | Desolati | Reached skill level 19 in Shields
 49027 | Desolati | Identified the amulet "Miost" {Reflect Str+3 Dex+4 Slay-2
                  | SH+5}
 49040 | Desolati | Got the Precepts of the Alluring Grave
 49140 | Desolati | Found the +2 Maxwell's thermic engine {flame, freeze, rev}
 49196 | Desolati | Found the +2 pair of slick slippers {slick, slippery, EV+4}
 49207 | Desolati | Got the Anthology of the Discharge and the Pyromaniac
 49557 | Desolati | Identified the ring "Ungoopti" {rF+ Dex+6 Slay+4}
 49561 | Desolati | Identified the staff "Racwikh" {rPois rC+ Int+8 Dex+3 SInv
                  | Ice}
 49574 | Desolati | Identified the amulet of Vatiudel {Regen+ Dex+3}
 49577 | Desolati | Identified the +1 leather armour of Eternal Vigilance {rC+}
 50256 | Vaults:3 | Reached skill level 19 in Fighting
 50436 | Vaults:3 | Found a staircase to the Crypt.
 50624 | Vaults:3 | Reached XP level 23. HP: 234/234 MP: 34/34
 50955 | Vaults:4 | Reached skill level 20 in Shields
 51570 | Vaults:4 | Found Oloiser's General Store.
 51585 | Vaults:4 | Bought a potion of cancellation for 152 gold pieces
 51585 | Vaults:4 | Bought a potion of magic for 152 gold pieces
 51626 | Vaults:4 | Identified the +9 chain mail of the Garden {rC+ Slay+6}
 51797 | Vaults:4 | Learned a level 3 spell: Vhi's Electric Charge
 51800 | Vaults:4 | Learned a level 2 spell: Passwall
 52027 | Vaults:1 | Bought a glowing hat for 203 gold pieces
 52445 | Zot:1    | Entered Level 1 of the Realm of Zot
 52493 | Depths:4 | Reached skill level 16 in Shapeshifting
 53163 | Zot:2    | Gained mutation: You have a pair of small horns on your
                  | head. [hidden potential]
 53163 | Zot:2    | Lost mutation: You have hidden genetic potential. [hidden
                  | potential expressed]
 53176 | Zot:2    | Reached skill level 17 in Shapeshifting
 53889 | Zot:3    | Reached skill level 18 in Shapeshifting
 54686 | Zot:5    | Entered Level 5 of the Realm of Zot
 54734 | Zot:5    | Reached XP level 24. HP: 243/243 MP: 34/34
 55282 | Zot:5    | Noticed a dread lich
 55283 | Zot:5    | Found a runed translucent gate.
 55283 | Zot:5    | Noticed namnaref's ghost (legendary GrCj)
 55283 | Zot:5    | Noticed Lexodia's ghost (legendary KoEn)
 55283 | Zot:5    | Noticed an ancient lich
 55284 | Zot:5    | Found a runed translucent gate.
 55284 | Zot:5    | Noticed a dread lich
 55285 | Zot:5    | Found a runed translucent gate.
 55289 | Zot:5    | Found an ancient bone altar of Kikubaaqudgha.
 55424 | Zot:5    | Reached skill level 19 in Shapeshifting
 55727 | Zot:5    | Noticed an ancient lich
 55732 | Zot:5    | Killed an ancient lich
 55746 | Zot:5    | Noticed a dread lich
 55756 | Zot:5    | Killed a dread lich
 55836 | Zot:5    | Noticed an orb of fire
 55841 | Zot:5    | Lost mutation: You are robust. (+10% HP) [an orb of fire]
 55842 | Zot:5    | Killed an orb of fire
 55852 | Zot:5    | Noticed an ancient lich
 55857 | Zot:5    | Killed an ancient lich
 55922 | Zot:5    | Noticed a Killer Klown
 55929 | Zot:5    | Killed a Killer Klown
 55930 | Zot:5    | Reached skill level 20 in Shapeshifting
 56440 | Zot:5    | Got the Orb of Zot
 56468 | Zot:3    | Noticed Ozaff the pandemonium lord
 56612 | Depths:1 | Noticed Caank the pandemonium lord
 56652 | D:15     | Reached skill level 20 in Fighting
 56658 | D:15     | Noticed Miat the pandemonium lord
 56658 | D:15     | Noticed an ancient lich
 56845 | D:8      | Noticed Xiho the pandemonium lord
 56965 | D:1      | Noticed Daigrin the pandemonium lord
 56967 | D:$      | Escaped with the Orb!

Illustrated notes

Levels and vault maps discovered:
D:1:      dpeg_arrival_ratfight, layout_loops_ring, minmay_misc_feat_alley
D:2:      minmay_chambers_of_twos, layout_basic, serial_curves, eino_curves_03,
          eino_curves_02, eino_curves_01, eino_curves_03, uniq_sigmund
D:3:      layout_basic, tgw_sif, minmay_liquid_box
D:4:      layout_rooms, nemelex_dance_club_becter, fedhas_ov_isle_minmay,
          minmay_temple_entry_slanted, lightli_corner_chamber, uniq_ijyb,
          uniq_blork_the_orc, uniq_eustachio
D:5:      layout_cave_pools, grunt_temple_overflow_open, uniq_menkaure
D:6:      layout_basic, mainiacjoe_overflow_surrounded_room,
          uniq_prince_ribbit1, uniq_duvessa
D:7:      layout_cave_pools, serial_shops, shop
D:8:      layout_loops_ring, nicolae_hepliaklqana_hippocampus, uniq_pikel
D:9:      layout_basic, orc_0_dummy, enter_bailey_2, serial_ice, serial_ice_i,
          serial_ice_e, serial_ice_c, serial_ice_h, serial_ice_b, serial_ice_a,
          serial_ice_f, serial_ice_m, serial_ice_d, serial_ice_g, uniq_erolcha,
          uniq_psyche, uniq_joseph
D:10:     layout_loops_ring, nicolae_uskayaw_dance_hall, nicolae_ru_awakened_eye
D:11:     layout_loops_corners, erik_lair_island, grunt_dithmenos_smoke
D:12:     wad_lake_hut, layout_loops_ring, gauntlet_entry_generic
D:13:     layout_loops_ring, lightli_church_of_beogh
D:14:     layout_roguey, hellmonk_vaults_keyhole, vehumet_crystals
D:15:     grunt_enter_depths_snipers, layout_irregular_city,
          nicolae_gozag_cash_rules_everything_around_me, nzn_ghost_randoct,
          nicolae_trove_entry_isolated
Temple:   hc_temple_tempest_star
Lair:1:   layout_gridlike, lemuel_fruit_fields, serial_bayou_shore_b,
          grunt_megastairs_1
Lair:2:   layout_long_grid, nicolae_shoals_entry_flooding,
          minmay_snake_entry_guardpost_small, beast_lair_carwin_5, uniq_amaemon,
          uniq_gastronok
Lair:3:   layout_big_grid, nicolae_quartered_pool_super, uniq_rupert
Lair:4:   layout_roguey, dpeg_slime_entry_enclosed, infiniplex_staircase_pool_2
Lair:5:   cheibrodos_lair_end_hotspot, layout_gridlike
Shoals:1: layout_shoals, nicolae_shoals_this_corrosion, uniq_kirke
Shoals:2: layout_shoals, uniq_louise, uniq_mlioglotl, uniq_roxanne
Shoals:3: layout_shoals, uniq_jorgrun, uniq_mara
Shoals:4: shoals_end_simple, layout_shoals, nicolae_shoals_square_sea_wall
Snake:1:  layout_cave_pods, uniq_aizul, uniq_donald
Snake:2:  layout_basic, serial_bayou_shore_a
Snake:3:  layout_basic, portal_ice_cave_entry_frozen_things
Snake:4:  grunt_snake_rune_serpentine_throne, layout_cave_town,
          minmay_shop_grove
Orc:1:    layout_caves, serial_shops, shop, nicolae_orc_lava_tube,
          nicolae_orc_lava_room
Orc:2:    st_orc_rangers, layout_caves, basic_altar
Elf:1:    layout_rooms, hangedman_elven_crosses_minicolossus, uniq_frances
Elf:2:    elven_hall_of_blades_hangedman_alternative
          [nicolae_blade_entry_crossed_weapons], layout_gridlike, serial_shops,
          shop_fountains, hellmonk_ghost_big_iron, nicolae_danse_macabre
Elf:3:    minmay_elf_hall_curves, layout_geoelf_octagon, serial_shops,
          nicolae_shop_tiny_waterfront
Vaults:1: nicolae_vaults_storage_closets_2, v_pattern_2, v_misc_29,
          nicolae_vaults_door_testing_chamber, nicolae_vaults_network_barrier,
          ontoclasm_vaults_loading_screen, vaults_room_grid,
          vaults_room_grunt_arrival_ludios, vaults_dpeg_doors,
          nicolae_vaults_little_guard_posts, vaults_mumra_lcd,
          grunt_vaults_diagonal, nicolae_vaults_specimen_jars,
          nicolae_vaults_tetromino_T_1, layout_vaults_omnigrid, serial_shops,
          nicolae_square_shop, nicolae_shop_tiny_glass,
          nicolae_shop_bloodbath_and_beyond, nicolae_shop_dealshenge, shop,
          uniq_saint_roka, uniq_zenata
Vaults:2: v_pattern_4, nicolae_vaults_taking_the_gang_shopping,
          hangedman_vaults_variations, v_misc_10, st_squares,
          vaults_dpeg_diagonal, ontoclasm_vaults_chip,
          nicolae_vaults_tetromino_T_2, nicolae_vaults_theta,
          nicolae_vaults_storage_room_water, ontoclasm_vaults_spin,
          layout_vaults_big_room, serial_shops, nicolae_lakefront_shop
Vaults:3: portal_desolation_entry_salt, blue_anna_dwarven_crypt, v_misc_33,
          v_pattern_5, hangedman_vaults_locks, v_misc_3,
          nicolae_vaults_ring_of_whatevers, nicolae_vaults_cochlea,
          nicolae_vaults_storage_room_doors, hangedman_vaults_capsules,
          nicolae_vaults_tetromino_T_1, grunt_vaults_hallway_long,
          layout_vaults_omnicross, uniq_nikola
Vaults:4: nicolae_vaults_more_shelving_2, v_misc_27,
          nicolae_vaults_closet_pinwheel_6, v_misc_29,
          nicolae_vaults_closet_pinwheel_4, nicolae_vaults_halls_meeting,
          nicolae_vaults_sealed_display, vaults_dpeg_cross,
          nicolae_vaults_house_2, layout_vaults_maze_bifur, serial_shops, shop
Depths:1: layout_basic, enter_ziggurat_c, grunt_mini_vestibule,
          hangedman_abyss_or_decor_jellyfish_corner, hellmonk_scarab_ruin
Depths:2: nzn_winding_woodlands_three_and_one
          [nzn_winding_woodlands_5x15_zeroes, nzn_winding_woodlands_5x15_eye,
          nzn_winding_woodlands_5x15_crooked,
          nzn_winding_woodlands_center_pierced_h], layout_gridlike,
          roderic_roman_lattice, grunt_pan_entry_spiral, hell_entry
Depths:3: minmay_four_inscribed_fans, layout_honeycomb, pf_coc_iceberg,
          infiniplex_enter_wizlab_spiral, minmay_misc_feat_x, abyss_entry
Depths:4: evilmike_zot_entry_argh, layout_honeycomb, dk_noncrumbling_3,
          pf_dread_powers_of_hell
Zot:1:    layout_onion, st_stairs_13, st_single_dragon_hoard_4,
          grunt_ministairs_13
Zot:2:    layout_basic, grunt_ministairs_3, grunt_megastairs_3
Zot:3:    layout_onion_interference, gammafunk_ghost_split, lemuel_flame_loot_1
Zot:4:    layout_twisted_circle, lemuel_golem_globe
Zot:5:    layout_gridlike, gammafunk_ghost_crypt

Skill      XL: |  1  2  3  4  5  6  7  8  9 10 11 12 13 14 15 16 17 18 19 20 21 22 23 24 |
---------------+-------------------------------------------------------------------------+-----
Stealth        | 1 2 4 |  4.0
Short Blades   | 2 |  2.0
Shapeshifting  | 4 5 7 9 11 13 15 18 20 | 20.0
Fighting       | 3 4 5 7 8 9 10 11 14 17 19 20 | 20.0
Unarmed Combat | 5 8 9 11 12 13 14 16 18 20 21 | 21.0
Evocations     | 1 3 4 8 |  8.0
Invocations    | 1 6 8 10 12 14 15 | 15.0
Dodging        | 6 8 12 16 17 | 17.3
Translocations | 5 |  5.0
Shields        | 2 12 14 15 17 19 20 | 20.0

Action                     |  1- 3 |  4- 6 |  7- 9 | 10-12 | 13-15 | 16-18 | 19-21 | 22-24 || total
---------------------------+-------+-------+-------+-------+-------+-------+-------+-------++-------
  Melee: Unarmed           |    26 |    87 |   221 |   617 |  1144 |  1340 |  1650 |  1455 ||  6540
         Dagger            |    27 |    48 |       |       |       |       |       |       ||    75
         Tailslap          |     3 |    15 |    36 |   110 |   235 |   199 |   348 |   354 ||  1300
         Punch             |       |     2 |    18 |    61 |   128 |    34 |       |       ||   243
         Kick              |       |       |       |       |       |    72 |   610 |       ||   682
         Headbutt          |       |       |       |       |       |       |       |   185 ||   185
  Throw: Stone             |     5 |    17 |       |       |       |       |       |       ||    22
         Dart              |     3 |       |       |       |     3 |       |     8 |     1 ||    15
         Boomerang         |       |       |       |    16 |     6 |       |       |       ||    22
         Throwing net      |       |       |       |       |     2 |       |       |       ||     2
   Cast: Blink             |       |       |       |       |       |     4 |     1 |     1 ||     6
         Passwall          |       |       |       |       |       |       |       |     2 ||     2
 Invoke: Heal Self         |       |       |       |     6 |     3 |     8 |    24 |    14 ||    55
         Purification      |       |       |       |     3 |     4 |     5 |     2 |     4 ||    18
         Heal Other        |       |       |       |       |     2 |       |     3 |       ||     5
         Divine Vigour     |       |       |       |       |     1 |       |       |       ||     1
  Evoke: Wand              |       |       |     2 |     7 |    18 |    10 |    23 |    17 ||    77
         Lightning rod     |       |       |       |       |       |     4 |     6 |     3 ||    13
         Phial of floods   |       |       |       |       |       |     1 |     2 |     1 ||     4
         Phantom mirror    |       |       |       |       |       |     1 |     1 |     1 ||     3
         Condenser vane    |       |       |       |       |       |     1 |     2 |     2 ||     5
    Use: Scroll            |     2 |     5 |     4 |    10 |    10 |    11 |     6 |    18 ||    66
         Potion            |     1 |     1 |       |       |     4 |     5 |     2 |     9 ||    22
   Stab: Sleeping          |     4 |     5 |     7 |    17 |    15 |    12 |     1 |    13 ||    74
         Paralysed         |       |       |     2 |       |       |       |       |     2 ||     4
         Distracted        |       |       |     1 |       |     3 |     2 |     2 |     2 ||    10
         Invisible         |       |       |       |       |     1 |       |       |       ||     1
         Held in net/web   |       |       |       |       |     1 |       |       |       ||     1
         Confused          |       |       |       |       |       |     1 |       |       ||     1
 Armour: Skin              |    21 |    37 |    97 |   143 |   393 |   699 |   883 |   407 ||  2680
  Dodge: Dodged            |    30 |    66 |   140 |   392 |  1106 |  1485 |  1991 |  1378 ||  6588
  Block: Other             |       |       |       |       |   183 |   137 |       |       ||   320
         Reflection        |       |       |       |       |    37 |    71 |    19 |       ||   127
         Kite shield       |       |       |       |       |       |  1115 |  1727 |  1417 ||  4259
   Form: Blade             |       |       |       |       |     1 |       |       |       ||     1
         Statue            |       |       |       |       |     1 |       |       |     1 ||     2
         Dragon            |       |       |       |       |       |       |       |     1 ||     1

Table legend: (Time is in decaauts)
 A = Elapsed time spent in this place.
 B = Non-inter-level travel time spent in this place.
 C = Inter-level travel time spent in this place.
 D = Time resting spent in this place.
 E = Time spent auto-exploring this place.
 F = Levels seen in this place.
 G = Mean time per level.
                   A        B        C        D        E       F      G
               +--------+--------+--------+--------+--------+-----+--------+
         Total |  75133 |  69224 |   5909 |  14043 |  38379 |  55 | 1366.1 |
       Dungeon |  15629 |  13430 |   2199 |   1667 |   8546 |  15 | 1041.9 |
        Temple |      1 |      1 |      0 |      0 |      0 |   1 |    1.0 |
          Lair |   5221 |   4415 |    806 |    490 |   2915 |   5 | 1044.2 |
        Shoals |   7468 |   7151 |    317 |    574 |   4901 |   4 | 1867.0 |
     Snake Pit |   7155 |   6546 |    609 |    823 |   4354 |   4 | 1788.8 |
  Orcish Mines |   1560 |   1409 |    151 |    191 |    860 |   2 |  780.0 |
   Elven Halls |   7120 |   6874 |    246 |   2876 |   2632 |   3 | 2373.3 |
        Vaults |  10362 |   9318 |   1044 |   1279 |   6009 |   4 | 2590.5 |
        Depths |  10725 |  10272 |    453 |   1756 |   6266 |   4 | 2681.2 |
           Zot |   5372 |   5291 |     81 |   3481 |    633 |   5 | 1074.4 |
         Abyss |    761 |    761 |      0 |      3 |      0 |   4 |  190.2 |
        Bailey |    453 |    453 |      0 |    123 |    125 |   1 |  453.0 |
        Wizlab |   1228 |   1228 |      0 |    303 |    364 |   1 | 1228.0 |
    Desolation |   1603 |   1603 |      0 |    355 |    594 |   1 | 1603.0 |
      Gauntlet |    469 |    469 |      0 |    116 |    176 |   1 |  469.0 |
               +--------+--------+--------+--------+--------+-----+--------+

Top non-repeatable levels by time:
   Elf:3: 4932 daAuts
Vaults:1: 4473 daAuts
Depths:3: 2996 daAuts
Depths:4: 2792 daAuts
Shoals:4: 2534 daAuts
   Zot:5: 2501 daAuts
Depths:1: 2495 daAuts
Vaults:2: 2469 daAuts
Depths:2: 2440 daAuts
 Snake:1: 2086 daAuts
 Snake:4: 1938 daAuts
Shoals:3: 1914 daAuts
 Snake:2: 1806 daAuts
Vaults:3: 1738 daAuts
Vaults:4: 1681 daAuts
